 Dungeon Crawl Stone Soup version 0.30-a0-1160-g6e42c06551 (webtiles) character file.

Game seed: 16483481072234195659

66 fozzywoppz the Insei (level 3, 0/29 HPs)
             Began as a Draconian Transmuter on Apr 27, 2023.
             Slain by a gnoll
             ... wielding a +0 whip
              (9 damage)
             ... on level 2 of the Dungeon.
             The game lasted 00:03:26 (1169 turns).

fozzywoppz the Insei (Draconian Transmuter)         Turns: 1169, Time: 00:03:26

Health: 0/29       AC:  5    Str: 12    XL:     3   Next: 96%
Magic:  0/6        EV: 12    Int: 13    God:
Gold:   45         SH:  0    Dex: 13    Spells: 4/7 levels left

rFire   . .          .
                       - Unarmed
rCold   . . .        (no shield)
rNeg    . . .        (body armour unavailable)
rPois   .            (helmet currently unavailable)
rElec   .            (no cloak)
rCorr   .            (no gloves)
SInv    .            (boots currently unavailable)
Will    .....        f - amulet of guardian spirit
Stlth   +            (no ring)
HPRegen 0.24/turn    (no ring)
MPRegen 0.10/turn

%: guardian spirit
@: appendages (expiring), wereblooded
A: horns 2, talons 2, AC +5, unfitting armour, cold-blooded
a: End Transformation


You were on level 2 of the Dungeon.
You had temporarily grown beastly horns and talons.
You visited 1 branch of the dungeon, and saw 2 of its levels.

You collected 45 gold pieces.

Inventory:

Jewellery
 f - an amulet of guardian spirit (around neck)
Scrolls
 b - 2 scrolls of noise
 d - a scroll of immolation {unknown}
 e - a scroll of fog
 g - a scroll of amnesia {unknown}
 h - a scroll of fear {unknown}
 j - a scroll of enchant weapon {unknown}
 k - a scroll of poison {unknown}
 l - a scroll of blinking {unknown}
 m - a scroll of enchant armour {unknown}
 o - a scroll of vulnerability {unknown}
Potions
 a - a potion of lignification
 i - a potion of invisibility {unknown}
 n - a potion of curing {unknown}


   Skills:
 + Level 2.1 Fighting
 - Level 2.0 Dodging
 + Level 3.5 Unarmed Combat
 + Level 2.5 Spellcasting
 + Level 2.7 Transmutations


You had 4 spell levels left.
You knew the following spells:

 Your Spells              Type           Power      Damage    Failure   Level
a - Beastly Appendage     Tmut           16%        N/A       9%          1
b - Wereblood             Tmut           8%         N/A       12%         2

Your spell library contained the following spells:

 Spells                   Type           Power      Damage    Failure   Level
 Necrotise                Necr           4%         1d4       24%         1
 Spider Form              Tmut/Pois      5%         N/A       38%         3
 Vampiric Draining        Necr           1%         2d6       58%         3
 Ice Form                 Ice/Tmut       5%         N/A       80%         4
 Agony                    Necr           1%         N/A       100%        5
 Simulacrum               Ice/Necr       0%         N/A       100%        6
 Ozocubu's Refrigeration  Ice            0%         4d7       100%        7
 Polar Vortex             Ice            0%         N/A       100%        9


Dungeon Overview and Level Annotations

Branches:
Dungeon (2/15)

Altars:

Shops:
D:2 [


Innate Abilities, Weirdness & Mutations

You have temporarily grown beastly horns and talons.
Your plain brown scales are hard. (AC +5)
You cannot fit into any form of body armour.
You are cold-blooded and may be slowed by cold attacks.


Message History

Your tail-slap misses the gnoll.
The gnoll is heavily wounded.
Your transformation is almost over.
The gnoll hits you with a +0 flail.
The gnoll hits you with a +0 halberd of protection.
The gnoll closely misses you.
You barely miss the gnoll. You claw the gnoll, but do no damage.
The gnoll is heavily wounded.
The gnoll barely misses you. x3
You hit the gnoll but do no damage. Your headbutt misses the gnoll.
The gnoll is heavily wounded.
The gnoll hits you with a +0 flail! The gnoll barely misses you. x2
You hit the gnoll but do no damage. Your kick misses the gnoll.
The gnoll is heavily wounded.
The gnoll hits you with a +0 flail!
* * * LOW HITPOINT WARNING * * *
The gnoll barely misses you. The gnoll hits you but does no damage.
Unknown command.
It was a potion of heal wounds.
You feel much better. The gnoll hits you with a +0 flail!
The gnoll hits you with a +0 halberd of protection!
The gnoll hits you with a +0 whip.
You feel much better. The gnoll misses you. The gnoll closely misses you.
The gnoll hits you with a +0 whip.
You barely miss the gnoll. You headbutt the gnoll.
The gnoll is almost dead.
The gnoll hits you with a +0 flail!
The gnoll hits you with a +0 halberd of protection.
The gnoll barely misses you.
You closely miss the gnoll.
The gnoll is almost dead.
The gnoll completely misses you.
The gnoll hits you with a +0 halberd of protection!
* * * LOW HITPOINT WARNING * * *
The gnoll closely misses you.
You hit the gnoll but do no damage. You headbutt the gnoll.
You feel a bit better.
You kill the gnoll!
The gnoll misses you. The gnoll hits you with a +0 whip!
You die...

.......# #g..# ## .......# #...#
#. .......# #...# #. .......#
#############...# #.
.......####...............######.
.................................
.......####..............#######.
.......# #....gg........# #.
...##### #.....@).......# #.
...### #..............# #. ......
#..............# #. ......
#..............# #. ......#
#...^..........# ## ...####
#..............# ..####
################ ...... ..####


You could see 2 gnolls.

Vanquished Creatures
  2 adders (D:2)
  A gnoll (D:2)
  A worm (D:2)
  A dart slug (D:1)
  6 ball pythons
  3 bats
  2 endoplasms (D:1)
  2 giant cockroaches
  7 hobgoblins
  2 kobolds
  2 quokkas
  4 goblins
  9 rats
42 creatures vanquished.

Notes
Turn   | Place    | Note
-------+----------+-------------------------------------------
     0 | D:1      | fozzywoppz the Draconian Transmuter began the quest for the
                  | Orb.
     0 | D:1      | Reached XP level 1. HP: 16/16 MP: 3/3
    46 | D:1      | Found a faded altar of an unknown god.
   132 | D:1      | Reached XP level 2. HP: 23/23 MP: 3/5
   369 | D:1      | Learned a level 2 spell: Wereblood
   785 | D:2      | Reached XP level 3. HP: 29/29 MP: 6/6
   908 | D:2      | Found Ituclit's Antique Armour Shop.
  1169 | D:2      | Slain by a gnoll

Illustrated notes

Levels and vault maps discovered:
D:1:      elethiomel_arrival_infinity_welcomes_careful_drivers, layout_rooms,
          chequers_ecumenical_altar_simple
D:2:      layout_basic, serial_shops, nicolae_shop_hallway_plus, uniq_sigmund

Skill      XL: |  1  2  3 |
---------------+----------+-----
Dodging        | 2 |  2.0
Fighting       | 2 |  2.1
Unarmed Combat | |  3.5
Spellcasting   | |  2.5
Transmutations | |  2.7

Action                     || total
---------------------------++-------
  Melee: Unarmed           ||   117
         Tailslap          ||    11
         Headbutt          ||    11
         Kick              ||    18
         Punch             ||     1
   Cast: Beastly Appendage ||    20
         Wereblood         ||     1
    Use: Scroll            ||     2
         Potion            ||     2
 Armour: Skin              ||    38
  Dodge: Dodged            ||    93

Table legend: (Time is in decaauts)
 A = Elapsed time spent in this place.
 B = Non-inter-level travel time spent in this place.
 C = Inter-level travel time spent in this place.
 D = Time resting spent in this place.
 E = Time spent auto-exploring this place.
 F = Levels seen in this place.
 G = Mean time per level.
                   A        B        C        D        E       F      G
               +--------+--------+--------+--------+--------+-----+--------+
         Total |   1162 |   1139 |     23 |      0 |    750 |   2 |  581.0 |
       Dungeon |   1162 |   1139 |     23 |      0 |    750 |   2 |  581.0 |
               +--------+--------+--------+--------+--------+-----+--------+

Top non-repeatable levels by time:
     D:1: 730 daAuts
     D:2: 432 daAuts
